 Dungeon Crawl Stone Soup version 0.25-a0-290-g4a1327e (webtiles) character file.

Game seed: 3114677000410919125, levelgen mode: deterministic

303 Ayyar the Skirmisher (level 6, 0/49 HPs)
             Began as a Formicid Abyssal Knight on Dec 14, 2019.
             Was a Priest of Lugonu.
             Killed by divine providence
             ... invoked by an orc priest
              (16 damage)
             ... on level 3 of the Dungeon.
             The game lasted 00:18:20 (3763 turns).

Ayyar the Skirmisher (Formicid Abyssal Knight)      Turns: 3763, Time: 00:18:20

Health: 0/49       AC:  6    Str: 18    XL:     6   Next: 65%
Magic:  8/8        EV:  8    Int: 12    God:    Lugonu [***...]
Gold:   208        SH:  9    Dex: 10    Spells: 5/5 levels left

rFire    + . .     SeeInvis +   x - +2 spear (vamp)
rCold    . . .     Gourm    .   p - +1 shield
rNeg     . . .     Faith    .   a - +0 scale mail
rPois    .         Spirit   .   (helmet unavailable)
rElec    .         Reflect  .   (no cloak)
rCorr    .         Harm     .   (no gloves)
MR       .....                  (no boots)
Stlth    ..........             (no amulet)
HPRegen  0.16/turn              r - ring of teleportation (curse)
MPRegen  0.11/turn              s - ring of protection from fire

@: no status effects
A: permanent stasis, dig shafts and tunnels, four strong arms, antennae 3
a: Dig, Shaft Self, Depart the Abyss, Bend Space, Banish, Renounce Religion


You were on level 3 of the Dungeon.
You worshipped Lugonu.
Lugonu was most pleased with you.
You were not hungry.

You visited 1 branch of the dungeon, and saw 3 of its levels.
You visited the Abyss 1 time.

You collected 208 gold pieces.

Inventory:

Hand Weapons
 o - a +4 spear
 w - a +0 trident
 x - a +2 vampiric spear (weapon)
Armour
 a - a +0 scale mail (worn)
 p - a +1 shield (worn)
Jewellery
 r - a cursed ring of teleportation (left hand)
 s - a ring of protection from fire (right hand)
Wands
 h - a wand of iceblast (5)
 u - a wand of paralysis (11)
Scrolls
 f - a scroll of blinking {unknown}
 g - 3 scrolls of enchant armour
 i - 3 scrolls of remove curse
 j - a scroll of magic mapping {unknown}
 k - 2 scrolls of fear {unknown}
 l - a scroll of fog {unknown}
 m - 2 scrolls of identify {unknown}
 y - a scroll of amnesia {unknown}
Potions
 b - a potion of flight {unknown}
 d - 2 potions of agility
 e - a potion of haste {unknown}
 n - a potion of brilliance {unknown}
 q - a potion of lignification {unknown}
 t - 2 potions of cancellation {unknown}
 v - a potion of curing {unknown}
Comestibles
 c - 7 rations
 z - 4 chunks of flesh


   Skills:
 + Level 4.3 Fighting
 * Level 3.6 Polearms
 + Level 3.4 Armour
 + Level 2.2 Dodging
 + Level 1.9 Shields
 + Level 3.7 Invocations


You had 5 spell levels left.
You didn't know any spells.
Your spell library was empty.

Dungeon Overview and Level Annotations

Branches:
Dungeon (3/15)

Altars:
Dithmenos
Okawaru

Annotations:
D:3 1 runed translucent door, Crazy Yiuf


Innate Abilities, Weirdness & Mutations

You cannot be hasted, slowed, berserked, paralysed or teleported.
You can dig through walls and to a lower floor.
Your four strong arms can wield two-handed weapons with a shield.
You have a pair of large antennae on your head. (SInv)


Message History

Your shield prevents you from hitting the orc.
The orc is heavily wounded.
You block the orc's attack.
The orc wizard casts a spell.
The orc wizard blinks!
You barely miss the orc.
The orc is heavily wounded.
You block the orc's attack.
You hit the orc.
The orc is severely wounded.
The orc priest invokes the aid of Beogh against you.
Beogh smites you!
The orc wizard mumbles some strange words.
The orc wizard blinks!
The orc hits you with a +0 mace.
You closely miss the orc.
The orc is severely wounded.
The orc wizard is no longer moving quickly.
The orc priest calls down the wrath of Beogh upon you.
Beogh smites you!
You die...

######......... #..............
#.............. # ########
#......#######. # #......#
#...o..### #. # #......#
#....§...# #. # #...<..#
#........# #.
#########......####........# #.
................@ooo.o.....### #.
........##############.......###.
........)....................'...
........########....##.......####
...............'............?#
........########....#'##.....#
.>......+......'.........÷..?#
........########.............#
........# ##'##........>#


You could see 2 orc priests, an orc wizard and an orc.

Vanquished Creatures
  Jessica (D:3)
  Terence (D:2)
  Natasha (thrice) (D:2)
  5 adders
  3 gnolls (D:3)
  An ooze (D:2)
  2 worms (D:2)
  6 dart slugs
  2 leopard geckos
  5 giant cockroaches
  8 goblins
  9 hobgoblins
  A jackal (D:3)
  8 kobolds
  2 quokkas
  A ball python (D:3)
  17 bats
  3 frilled lizards
  8 rats
86 creatures vanquished.

Vanquished Creatures (others)
  A hobgoblin (D:3)
1 creature vanquished.

Grand Total: 87 creatures vanquished

Notes
Turn   | Place    | Note
-------+----------+-------------------------------------------
     0 | Abyss:1  | Ayyar the Formicid Abyssal Knight began the quest for the
                  | Orb.
     0 | Abyss:1  | Reached XP level 1. HP: 18/18 MP: 2/2
    42 | Abyss:1  | Noticed a neqoxec
    44 | Abyss:1  | Noticed an iron imp
    44 | D:1      | Escaped the Abyss
   172 | D:1      | Reached skill level 1 in Dodging
   223 | D:1      | Reached XP level 2. HP: 21/24 MP: 3/3
   226 | D:1      | Reached * piety under Lugonu
   405 | D:1      | Reached XP level 3. HP: 14/29 MP: 4/4
  1093 | D:2      | Reached XP level 4. HP: 17/37 MP: 6/6
  1353 | D:2      | Reached ** piety under Lugonu
  1421 | D:2      | Noticed Natasha
  1445 | D:2      | Killed Natasha
  1838 | D:2      | Noticed Terence
  1862 | D:2      | Killed Terence
  1862 | D:2      | Reached skill level 4 in Fighting
  1862 | D:2      | Reached XP level 5. HP: 28/42 MP: 7/7
  2109 | D:2      | Noticed Natasha
  2126 | D:2      | Killed Natasha
  2126 | D:2      | Reached skill level 1 in Shields
  2219 | D:2      | Noticed Natasha
  2557 | D:2      | Killed Natasha
  2719 | D:3      | Noticed Jessica
  2739 | D:3      | Killed Jessica
  2739 | D:3      | Reached XP level 6. HP: 42/48 MP: 8/8
  3123 | D:3      | Reached *** piety under Lugonu
  3604 | D:3      | Found a shadowy altar of Dithmenos.
  3631 | D:3      | Found a runed translucent door.
  3632 | D:3      | Noticed Crazy Yiuf
  3664 | D:3      | Found an iron altar of Okawaru.
  3763 | D:3      | Killed from afar by an orc priest

Levels and vault maps discovered:
D:1:      kennysheep_arrival_forest, layout_basic
D:2:      layout_basic, minivault_26, uniq_terence, uniq_natasha
D:3:      minmay_thinvault, layout_basic, overflow_temple_1_default,
          okawaru_trees_2, uniq_crazy_yiuf_cottage, uniq_jessica

Skill      XL: |  1  2  3  4  5 |
---------------+----------------+-----
Dodging        | 1 2 |  2.2
Invocations    | 3 |  3.7
Fighting       | 4 |  4.3
Armour         | 3 |  3.4
Polearms       | 3 |  3.6
Shields        | 1 |  1.9

Action                   |  1- 3 |  4- 6 || total
-------------------------+-------+-------++-------
Melee: Spear             |   100 |   239 ||   339
Invok: Depart the Abyss  |     1 |       ||     1
  Use: Potion            |     1 |       ||     1
       Scroll            |       |     3 ||     3
  Eat: Chunk             |     1 |     5 ||     6
       Ration            |       |     1 ||     1
Armor: Leather armour    |    19 |    28 ||    47
       Scale mail        |       |    40 ||    40
Dodge: Dodged            |    51 |    70 ||   121
Block: Shield            |       |    69 ||    69

Table legend:
 A = Non-vault XP
 B = Vault XP
 C = Vault XP percentage of total XP
 D = Non-vault monster count
 E = Vault monster count
 F = Vault count percentage of total count
                 A         B        C        D         E       F
            +---------+---------+-------+---------+---------+-------
      Total |     273 |     160 |  37.0 |      67 |      20 |  23.0
            +---------+---------+-------+---------+---------+-------
        D:1 |      40 |       0 |   0.0 |      21 |       0 |   0.0
        D:2 |     141 |      71 |  33.5 |      22 |       2 |   8.3
        D:3 |      92 |      89 |  49.2 |      24 |      18 |  42.9
            +---------+---------+-------+---------+---------+-------
